 Dungeon Crawl Stone Soup version 0.29.1-12-g30fa7ad0bf (webtiles) character file.

Game seed: 8883815122461786054

1864 hawla the Poker (level 9, -2/71 HPs)
             Began as a Meteoran Fire Elementalist on Jan 9, 2023.
             Was a Follower of Vehumet.
             Slain by an orc warrior
             ... wielding a +0 long sword
              (18 damage)
             ... on level 8 of the Dungeon.
             The game lasted 00:11:50 (1865 turns).

hawla the Poker (Meteoran Fire Elementalist)        Turns: 1865, Time: 00:11:51

Health: -2/71      AC:  2    Str:  9    XL:     9   Next: 61%
Magic:  10/26      EV: 14    Int: 21    God:    Vehumet [*.....]
Gold:   177        SH:  0    Dex: 16    Spells: 11/18 levels left

rFire   + . .      SeeInvis .   h - +6 spear of Ambiguity {flame, Fragile rF+ MP+9}
rCold   . . .      Faith    .   (no shield)
rNeg    . . .      Spirit   .   a - +0 robe
rPois   .          Reflect  .   (no helmet)
rElec   .          Harm     .   (no cloak)
rCorr   .          Rampage  .   (no gloves)
Will    +....                   (no boots)
Stlth   +.........              (no amulet)
HPRegen 0.21/turn               (no ring)
MPRegen 0.20/turn               (no ring)

@: glowing
A: sense surroundings 2, otherworldly, glowing, explore regen
a: Renounce Religion


You were on level 8 of the Dungeon.
You worshipped Vehumet.
Vehumet was aware of your devotion.
You visited 2 branches of the dungeon, and saw 9 of its levels.

You collected 177 gold pieces.

Inventory:

Hand Weapons
 h - the +6 spear of Ambiguity (weapon) {flame, Fragile rF+ MP+9}
   (You took it off a kobold on level 4 of the Dungeon)

   It burns those it strikes, dealing additional fire damage.
   rF:        It protects you from fire.
   MP:        It affects your magic capacity (+9).
   Fragile:   It will be destroyed if unequipped.
Armour
 a - a +0 robe (worn)
Wands
 f - a wand of roots (2)
 o - a wand of flame (5) (quivered)
 r - a wand of charming (10)
Scrolls
 e - a scroll of torment {unknown}
 g - a scroll of identify
 i - a scroll of enchant weapon {unknown}
 k - a scroll of amnesia {unknown}
 l - a scroll of blinking {unknown}
 m - 2 scrolls of teleportation {unknown}
 n - a scroll of summoning {unknown}
 p - 2 scrolls of fog {unknown}
 q - 2 scrolls of enchant armour {unknown}
Potions
 b - a potion of magic
 c - 2 potions of mutation
 d - 3 potions of might
 j - a potion of degeneration {unknown}


   Skills:
 + Level 4.1 Fighting
 * Level 7.4 Polearms
 + Level 5.5 Dodging
 - Level 1.4 Stealth
 - Level 5.1 Spellcasting
 - Level 5.7 Conjurations
 - Level 6.3 Fire Magic
 + Level 2.1 Evocations


You had 11 spell levels left.
You knew the following spells:

 Your Spells              Type           Power      Damage    Failure   Level
a - Foxfire               Conj/Fire      100%       2x1d9     1%          1
b - Scorch                Fire           64%        2d8       1%          2
c - Flame Wave            Conj/Fire      30%        2d9       9%          4

Your spell library contained the following spells:

 Spells                   Type           Power      Damage    Failure   Level
 Shock                    Conj/Air       68%        1d7       3%          1
 Conjure Flame            Conj/Fire      30%        6-21      2%          3
 Inner Flame              Hex/Fire       18%        N/A       9%          3
 Sticky Flame             Conj/Fire      30%        2d5       9%          4
 Ignite Poison            Fire/Tmut/Pois 14%        N/A       14%         3


Dungeon Overview and Level Annotations

Branches:
Dungeon (8/15) Zot: 3130   Temple (1/1) D:5 Zot: 395
   Lair: D:8-11

Altars:
Dithmenos
Elyvilon
Fedhas
Hepliaklqana
Kikubaaqudgha
Makhleb
Okawaru
Qazlal
Sif Muna
Trog
Uskayaw
Vehumet
Xom
Zin

Shops:
D:1 *


Innate Abilities, Weirdness & Mutations

You passively map the area around you.
You are easily found by Zot.
You glow in the dark.
You regain HP and MP as you explore.


Message History

Vehumet accepts your kill.
The flame wave engulfs the orc warrior.
The orc warrior is lightly wounded.
The flame wave engulfs the orc!
You kill the orc!
Vehumet accepts your kill.
You feel sick.
The orc warrior hits you with a +0 long sword.
A wave of flame ripples out!
The flame wave engulfs the orc warrior.
The orc warrior is moderately wounded.
The flame wave engulfs the orc priest!
You kill the orc priest!
Vehumet accepts your kill.
You finish channelling waves of flame.
You feel sick.
The orc warrior hits you but does no damage.
Casting: Flame Wave (dangerous; 9% risk of failure)
Confirm with . or Enter, or press ? or * to list all spells.
Flames lash the orc warrior.
The orc warrior is moderately wounded.
The orc warrior's fire resistance burns away.
You feel sick.
The orc warrior hits you with a +0 long sword!
Casting: Scorch (safe; 1% risk of failure)
Confirm with . or Enter, or press ? or * to list all spells.
Flames lash the orc warrior but do no damage.
You feel sick.
The orc warrior hits you with a +0 long sword!
Unknown command.
Casting: Scorch (safe; 1% risk of failure)
Confirm with . or Enter, or press ? or * to list all spells.
Flames lash the orc warrior.
The orc warrior is burned terribly!
The orc warrior is severely wounded.
You feel sick.
You are no longer poisoned.
The orc warrior hits you with a +0 long sword!
* * * LOW HITPOINT WARNING * * *
You closely miss the orc warrior.
The orc warrior is severely wounded.
The orc warrior hits you with a +0 long sword!!
You die...

#.# #.# #.########
######### #.>......#
#........ #...####.#
#........ #)..## #.#
#......<., * *
#....###.# #..).....,*
,,
#..#...#.#######.o......
,
#.|............'@)).....
#..)############.).)./..
*, , #....## #........ *
,
..#)..##########........
**
###'#.)..##.............
*
#.....#........########
* * #.....###...[..#
#.....###......#
##..............# *, ,


You could see an orc warrior (combustible).

Vanquished Creatures
  A black bear (D:5)
  2 ogres (D:5)
  An ice beast (D:5)
  A centaur (D:8)
  A phantom (D:6)
  A bullfrog (D:8)
  3 necrophages
  2 scorpions
  3 wights (D:7)
  3 killer bees (D:8)
  2 howler monkeys (D:8)
  8 hounds
  2 orc priests (D:8)
  A jelly (D:6)
  A scorpion zombie (D:3)
  Natasha (thrice) (D:4)
  An iguana (D:6)
  An orc wizard (D:8)
  7 gnolls
  6 adders
  A worm (D:2)
  A dart slug (D:1)
  9 orcs
  2 ball pythons
  6 endoplasms
  A giant cockroach (D:4)
  3 goblins
  2 hobgoblins (D:4)
  2 kobolds
  2 quokkas (D:4)
  2 bats
  A frilled lizard (D:1)
  A rat (D:3)
83 creatures vanquished.

Vanquished Creatures (others)
  149 foxfires
149 creatures vanquished.

Grand Total: 232 creatures vanquished

Notes
Turn   | Place    | Note
-------+----------+-------------------------------------------
     0 | D:1      | hawla the Meteoran Fire Elementalist began the quest for
                  | the Orb.
     0 | D:1      | Reached XP level 1. HP: 14/14 MP: 5/5
    33 | D:1      | Found Boanamo's General Store.
   168 | D:1      | Reached XP level 2. HP: 13/20 MP: 2/6
   194 | D:2      | You fall into a shaft and drop 1 floor!
   235 | D:3      | Reached XP level 3. HP: 26/26 MP: 4/8
   257 | D:3      | Reached XP level 4. HP: 11/33 MP: 1/10
   260 | D:3      | Learned a level 2 spell: Scorch
   316 | D:4      | Reached skill level 5 in Fire Magic
   316 | D:4      | Reached XP level 5. HP: 38/38 MP: 5/11
   345 | D:4      | Learned a level 4 spell: Flame Wave
   396 | D:4      | Noticed Natasha
   401 | D:4      | Killed Natasha
   463 | D:4      | Identified the +6 spear of Ambiguity {flame, Fragile rF+
                  | MP+9}
   509 | D:4      | Noticed Natasha
   520 | D:4      | Killed Natasha
   521 | D:4      | Reached XP level 6. HP: 21/45 MP: 12/12
   602 | D:4      | Noticed Natasha
   623 | D:4      | Killed Natasha
   650 | D:5      | Entered Level 5 of the Dungeon
   715 | D:5      | Reached skill level 5 in Conjurations
   725 | D:5      | Reached XP level 7. HP: 41/50 MP: 12/14
   855 | D:5      | Found a staircase to the Ecumenical Temple.
   884 | Temple   | Entered the Ecumenical Temple
  1061 | Temple   | Became a worshipper of Vehumet
  1115 | D:5      | Reached skill level 1 in Polearms
  1115 | D:5      | Reached skill level 5 in Spellcasting
  1115 | D:5      | Reached XP level 8. HP: 58/58 MP: 16/16
  1222 | D:5      | Reached skill level 1 in Fighting
  1222 | D:5      | Reached skill level 2 in Polearms
  1409 | D:5      | Reached skill level 3 in Polearms
  1586 | D:6      | Reached skill level 4 in Polearms
  1660 | D:7      | Gained mutation: You passively map the area around you.
                  | [Meteoran growth]
  1660 | D:7      | Reached XP level 9. HP: 68/68 MP: 17/17
  1662 | D:7      | Reached skill level 5 in Polearms
  1686 | D:7      | Reached * piety under Vehumet
  1686 | D:7      | Offered knowledge of Shock by Vehumet.
  1725 | D:8      | Reached skill level 6 in Polearms
  1727 | D:8      | Reached skill level 5 in Dodging
  1771 | D:8      | Reached skill level 7 in Polearms
  1865 | D:8      | Slain by an orc warrior

Illustrated notes

Levels and vault maps discovered:
D:1:      lemuel_arrival_muddy, layout_loops_ring,
          ebering_ecumenical_altar_webs, serial_shops,
          nicolae_shop_window_shopping
D:2:      layout_loops_ring, basic_altar, nrook_campfire, uniq_sigmund
D:3:      layout_rooms, serial_undead, serial_undead_a, serial_undead_d,
          serial_undead_b, serial_undead_c, serial_undead_f,
          hangedman_feature_mirror
D:4:      layout_rooms, minmay_checkerbox, uniq_natasha
D:5:      layout_basic, minmay_temple_entry_slanted, kennysheep_generic_room_15
D:6:      layout_rooms, mainiacjoe_overflow_concentric_impassable,
          dk_noncrumbling_4, kennysheep_path_1
D:7:      layout_basic, grunt_temple_overflow_open, glass_columns_a
D:8:      layout_basic, dk_noncrumbling_3, uniq_prince_ribbit1, uniq_pikel
Temple:   nicolae_temple_bog_church

Skill      XL: |  1  2  3  4  5  6  7  8  9 |
---------------+----------------------------+-----
Fire Magic     | 4 5 6 |  6.3
Spellcasting   | 3 4 5 |  5.1
Conjurations   | 2 4 5 |  5.7
Dodging        | 3 4 5 |  5.5
Polearms       | 1 4 7 |  7.4
Evocations     | 2 |  2.1
Fighting       | 2 4 |  4.1
Stealth        | |  1.4

Action                   |  1- 3 |  4- 6 |  7- 9 || total
-------------------------+-------+-------+-------++-------
Melee: Unarmed           |     3 |       |       ||     3
       Spear             |       |    12 |    23 ||    35
 Cast: Foxfire           |    28 |    25 |    36 ||    89
       Scorch            |       |     8 |    17 ||    25
       Flame Wave        |       |     5 |    13 ||    18
Evoke: Wand              |       |       |     1 ||     1
  Use: Scroll            |     1 |       |     1 ||     2
       Potion            |       |       |     1 ||     1
Armor: Robe              |     2 |     3 |     5 ||    10
Dodge: Dodged            |    12 |     8 |    16 ||    36
